 Dungeon Crawl Stone Soup version 0.26-a0-962-g9b92081034 (webtiles) character file.

Game seed: 2739187817109322371

27 KristoblXynda the Slasher (level 2, 0/25 HPs)
             Began as a Draconian Gladiator on Dec 2, 2020.
             Succumbed to a gnoll's poison
             ... on level 2 of the Dungeon.
             The game lasted 00:01:00 (1013 turns).

KristoblXynda the Slasher (Draconian Gladiator)     Turns: 1013, Time: 00:01:01

Health: 0/25       AC:  4    Str: 16    XL:     2   Next: 93%
Magic:  2/2        EV: 13    Int:  8    God:
Gold:   37         SH:  0    Dex: 12    Spells: 1/1 levels left

rFire    . . .     SeeInvis .   a - +0 long sword
rCold    . . .     Faith    .   (no shield)
rNeg     . . .     Spirit   .   (armour unavailable)
rPois    .         Reflect  .   b - +0 hat
rElec    .         Harm     .   (no cloak)
rCorr    .         Rampage  .   (no gloves)
MR       .....                  (no boots)
Stlth    +.........             (no amulet)
HPRegen  0.08/turn              (no ring)
MPRegen  0.08/turn              (no ring)

@: lethally poisoned (0 -> -3), hasted, very quick
A: unfitting armour, cold-blooded, AC +4
a: no special abilities


You were on level 2 of the Dungeon.
You visited 1 branch of the dungeon, and saw 2 of its levels.

You collected 37 gold pieces.

Inventory:

Hand Weapons
 a - a +0 long sword (weapon)
Missiles
 c - 3 throwing nets (quivered)
Armour
 b - a +0 hat (worn)
Scrolls
 d - a scroll of blinking {unknown}
 e - a scroll of remove curse {unknown}
 f - a scroll of amnesia {unknown}
 h - a scroll of identify {unknown}
Potions
 g - a potion of haste


   Skills:
 + Level 2.6 Fighting
 * Level 3.4 Long Blades
 - Level 2.0 Throwing
 + Level 3.0 Dodging


You had one spell level left.
You didn't know any spells.
Your spell library was empty.

Dungeon Overview and Level Annotations

Branches:
Dungeon (2/15)

Altars:


Innate Abilities, Weirdness & Mutations

Your plain brown scales are hard. (AC +4)
You cannot fit into any form of body armour.
You are cold-blooded and may be slowed by cold attacks.


Message History

The gnoll hits you with a +0 spear.
* * * LOW HITPOINT WARNING * * *
The gnoll misses you.
The gnoll hits you from afar with a +0 spear.
* * * LOW HITPOINT WARNING * * *
The gnoll throws a poisoned dart.
The poisoned dart hits you.
You are lethally poisoned!
You see here a poisoned dart.
* * * LOW HITPOINT WARNING * * *
You feel sick.
You see here a falchion.
* * * LOW HITPOINT WARNING * * *
You feel sick.
It was a potion of haste.
You feel yourself speed up.
* * * LOW HITPOINT WARNING * * *
You feel sick.
There is an open door here.
The gnoll throws a poisoned dart.
The poisoned dart barely misses you.
You see here a poisoned dart.
You die...

.........# #..
.......g.# #
#######'##
###########.#
..........#(#
..........#.#
..........#.#
..........#.#
).........#@###
..........'...#
..........#####
...........##
#######.....#
#.##..#
..(#...#
#.###.#.### #.
#..[..#


You could see a gnoll.

Vanquished Creatures
  2 leopard geckos (D:1)
  A giant cockroach (D:1)
  7 hobgoblins (D:1)
  4 jackals (D:1)
  3 frilled lizards (D:1)
  2 goblins (D:1)
  2 kobolds (D:1)
  2 rats (D:1)
23 creatures vanquished.

Notes
Turn   | Place    | Note
-------+----------+-------------------------------------------
     0 | D:1      | KristoblXynda the Draconian Gladiator began the quest for
                  | the Orb.
     0 | D:1      | Reached XP level 1. HP: 17/17 MP: 1/1
   132 | D:1      | Reached XP level 2. HP: 24/25 MP: 2/2
  1003 | D:2      | HP: 1/25 [poisoned by a gnoll]
  1013 | D:2      | Succumbed to a gnoll's poison

Illustrated notes

Levels and vault maps discovered:
D:1:      matt_arrival_grand_opening, layout_basic
D:2:      minmay_razor_zed, layout_basic, lemuel_doored_altar,
          grunt_gozag_statues

Skill      XL: |  1  2 |
---------------+-------+-----
Throwing       | 2 |  2.0
Dodging        | 3 |  3.0
Fighting       | |  2.6
Long Blades    | |  3.4

Action                   || total
-------------------------++-------
Melee: Long sword        ||    70
       Tailslap          ||     8
  Use: Potion            ||     1
 Stab: Sleeping          ||     1
       Distracted        ||     1
Armor: Skin              ||    15
Dodge: Dodged            ||    44
       Rpst.: Long sword ||    10

Table legend: (Time is in decaauts)
 A = Elapsed time spent in this place.
 B = Non-inter-level travel time spent in this place.
 C = Inter-level travel time spent in this place.
 D = Time resting spent in this place.
 E = Time spent auto-exploring this place.
 F = Levels seen in this place.
 G = Mean time per level.
                   A        B        C        D        E       F      G
               +--------+--------+--------+--------+--------+-----+--------+
         Total |   1026 |    995 |     31 |      0 |    797 |   2 |  513.0 |
       Dungeon |   1026 |    995 |     31 |      0 |    797 |   2 |  513.0 |
               +--------+--------+--------+--------+--------+-----+--------+

Top non-repeatable levels by time:
     D:1: 950 daAuts
     D:2: 75 daAuts
